 Dungeon Crawl Stone Soup version 0.29-a0-721-g7f417c9bbb (webtiles) character file.

Game seed: 14196946057418203944

811 bande the Chopper (level 7, -5/44 HPs)
             Began as a Gargoyle Fighter on June 28, 2022.
             Slain by a gnoll
             ... wielding a +0 halberd
             ... led by a gnoll shaman
              (12 damage)
             ... on level 5 of the Dungeon.
             The game lasted 00:09:07 (5131 turns).

bande the Chopper (Gargoyle Fighter)                Turns: 5131, Time: 00:09:07

Health: -5/44      AC: 15    Str: 20    XL:     7   Next: 93%
Magic:  7/7        EV:  7    Int:  8    God:
Gold:   273        SH: 10    Dex: 11    Spells: 6/6 levels left

rFire   . . .      SeeInvis .   a - +0 war axe
rCold   . . .      Faith    .   c - +0 buckler
rNeg    + . .      Spirit   .   i - +0 chain mail
rPois   ∞          Reflect  +   (no helmet)
rElec   +          Harm     .   (no cloak)
rCorr   .          Rampage  .   (no gloves)
Will    .....                   h - +0 pair of boots
Stlth   ..........              n - amulet of reflection
HPRegen 0.14/turn               (no ring)
MPRegen 0.10/turn               (no ring)

@: no status effects
A: sickness immunity, AC +4, negative energy resistance 1, electricity
resistance, torment resistance 1, petrification resistance, sense surroundings 1
a: no special abilities


You were on level 5 of the Dungeon.
You visited 1 branch of the dungeon, and saw 5 of its levels.

You collected 273 gold pieces.

Inventory:

Hand Weapons
 a - a +0 war axe (weapon)
 b - a +1 vorpal flail
 v - a +0 shortbow
Armour
 c - a +0 buckler (worn)
 h - a +0 pair of boots (worn)
 i - a +0 chain mail (worn)
Jewellery
 n - an amulet of reflection (around neck)
Wands
 e - a wand of flame (3)
 t - a wand of polymorph (6)
Scrolls
 f - 4 scrolls of teleportation
 k - 3 scrolls of fear
 l - a scroll of silence
 r - a scroll of fog
Potions
 d - 4 potions of might
 g - a potion of invisibility {unknown}
 j - 2 potions of curing {unknown}
 m - a potion of heal wounds {unknown}
 o - 2 potions of degeneration {unknown}
 p - a potion of brilliance {unknown}
 q - a potion of mutation
 s - a potion of flight {unknown}


   Skills:
 + Level 4.6 Fighting
 + Level 5.3 Axes
 + Level 4.8 Armour
 + Level 5.0 Shields
 * Level 2.7 Evocations


You had 6 spell levels left.
You didn't know any spells.
Your spell library contained the following spells:

 Spells                   Type           Power      Damage    Failure   Level
 Apportation              Tloc           0%         N/A       99%         1
 Necrotize                Necr           0%         1d4       99%         1
 Sandblast                Erth           0%         2d4       99%         1
 Slow                     Hex            0%         N/A       99%         1
 Summon Small Mammal      Summ           0%         N/A       99%         1
 Passwall                 Tmut/Erth      0%         N/A       100%        2
 Confusing Touch          Hex            0%         N/A       100%        3
 Dazzling Flash           Conj/Hex       0%         N/A       100%        3
 Stone Arrow              Conj/Erth      0%         3d7       100%        3
 Vampiric Draining        Necr           0%         2d6       100%        3
 Animate Armour           Summ/Erth      0%         N/A       100%        4
 Iskenderun's Mystic Bla  Conj/Tloc      0%         2d3       100%        4
 Starburst                Conj/Fire      0%         6d3       100%        6
 Lehudib's Crystal Spear  Conj/Erth      0%         10d2      100%        8


Dungeon Overview and Level Annotations

Branches:
Dungeon (5/15)
 Temple: D:4-7

Altars:
Ru
Sif Muna
Uskayaw
Vehumet
Wu Jian


Innate Abilities, Weirdness & Mutations

You are immune to sickness and miasma.
Your stone body is resilient. (AC +4)
You are immune to poison.
You resist negative energy. (rN+)
You are resistant to electric shocks. (rElec)
You are resistant to unholy torment.
You are immune to petrification.
You passively map a small area around you.


Message History

You block the gnoll's attack. x2; The gnoll hits you but does no damage.
You hit the gnoll but do no damage.
The gnoll is almost dead.
The gnoll hits you but does no damage. The gnoll barely misses you.
You block the gnoll's attack. The gnoll hits you with a +0 whip.
You hit the gnoll.
The gnoll is almost dead.
You block the gnoll's attack. x2; The gnoll hits you but does no damage.
The gnoll barely misses you.
You slash the gnoll!
You kill the gnoll!
The gnoll hits you from afar with a +0 halberd!
You block the gnoll's attack. The gnoll barely misses you.
You are too injured to fight recklessly!
You are too injured to fight recklessly!
You are too injured to fight recklessly!
You are too injured to fight recklessly!
You are too injured to fight recklessly!
You are too injured to fight recklessly!
You are too injured to fight recklessly!
You are too injured to fight recklessly!
Unknown command.
The gnoll hits you but does no damage. The gnoll barely misses you.
You block the gnoll's attack. The gnoll hits you with a +0 halberd.
Things that are here:
a +0 whip; a +2 whip of pain; a +0 robe You closely miss the gnoll.
You hit the gnoll but do no damage. You block the gnoll's attack.
The gnoll hits you but does no damage. You block the gnoll's attack.
The gnoll hits you from afar with a +0 spear.
* * * LOW HITPOINT WARNING * * *
The gnoll hits you but does no damage. The gnoll barely misses you.
You barely miss the gnoll. You hit the gnoll but do no damage.
You block the gnoll's attack. The gnoll closely misses you.
The gnoll barely misses you. The gnoll hits you with a +0 halberd.
* * * LOW HITPOINT WARNING * * *
You hit the gnoll.
The gnoll is lightly wounded.
You hit the gnoll. The gnoll hits you with a +0 halberd!
You die...

#...##
##.....##
#.### ##...##
#.# ##+## #.#
#.# , #.# * ,
##.##*#######
*
#...##gg.....
, #....@g#* *
#### #...##.#
,.... #####
.# #### *.#
.#* * .. ##
** ** *


You could see 3 gnolls.

Vanquished Creatures
  A black bear (D:5)
  2 ogres
  2 necrophages (D:5)
  A scorpion (D:5)
  2 hounds
  2 jellies (D:5)
  A gnoll shaman (D:5)
  An orc priest (D:3)
  An iguana (D:5)
  A gnoll (D:5)
  5 adders
  A worm (D:2)
  A dart slug (D:3)
  9 orcs
  5 endoplasms
  6 giant cockroaches
  12 goblins
  8 hobgoblins
  7 jackals
  9 kobolds
  4 quokkas
  10 ball pythons
  7 bats
  5 frilled lizards
  6 rats
109 creatures vanquished.

Vanquished Creatures (others)
  A plant (D:2)
1 creature vanquished.

Grand Total: 110 creatures vanquished

Notes
Turn   | Place    | Note
-------+----------+-------------------------------------------
     0 | D:1      | bande the Gargoyle Fighter began the quest for the Orb.
     0 | D:1      | Reached XP level 1. HP: 14/14 MP: 1/1
   145 | D:1      | Reached XP level 2. HP: 16/19 MP: 2/2
   498 | D:1      | Reached XP level 3. HP: 16/23 MP: 3/3
  1147 | D:2      | Gained mutation: Your spells are a little easier to cast,
                  | but a little less powerful. [potion of mutation]
  1147 | D:2      | Lost mutation: Your spells are a little easier to cast, but
                  | a little less powerful. [potion of mutation]
  1147 | D:2      | Gained mutation: You passively map a small area around you.
                  | [potion of mutation]
  1314 | D:2      | Reached XP level 4. HP: 28/28 MP: 4/4
  1318 | D:2      | Found a faded altar of an unknown god.
  2186 | D:3      | Reached XP level 5. HP: 31/33 MP: 5/5
  2755 | D:3      | Found a shimmering blue altar of Sif Muna.
  2901 | D:4      | Reached skill level 1 in Evocations
  3075 | D:4      | Found a radiant altar of Vehumet.
  3376 | D:4      | Found a sacrificial altar of Ru.
  3379 | D:4      | Found a hide-covered altar of Uskayaw.
  3440 | D:4      | Noticed an ogre
  3445 | D:4      | Killed an ogre
  3446 | D:4      | Reached XP level 6. HP: 13/38 MP: 6/6
  3978 | D:5      | Entered Level 5 of the Dungeon
  4188 | D:5      | Reached XP level 7. HP: 40/43 MP: 7/7
  4273 | D:5      | Found an ornate altar of the Wu Jian Council.
  4597 | D:5      | Reached skill level 5 in Axes
  5121 | D:5      | Reached skill level 5 in Shields
  5131 | D:5      | Slain by a gnoll

Illustrated notes

Levels and vault maps discovered:
D:1:      nagdon_arrival_double_spiral, layout_rooms
D:2:      layout_loops_ring, shapermc_ecumenical_altar_acropolis
D:3:      layout_loops_ring, marbit_many_paths
D:4:      layout_loops_ring, vehumet_crystals, nicolae_overflow_squiral
D:5:      layout_loops_corners, mainiacjoe_overflow_alcove_1,
          kennysheep_small_circle

Skill      XL: |  1  2  3  4  5  6  7 |
---------------+----------------------+-----
Axes           | 2 3 4 5 |  5.3
Shields        | 4 5 |  5.0
Armour         | 4 |  4.8
Evocations     | 1 2 |  2.7
Fighting       | 4 |  4.6

Action                   |  1- 3 |  4- 6 |  7- 9 || total
-------------------------+-------+-------+-------++-------
Melee: War axe           |   111 |   184 |    64 ||   359
  Use: Scroll            |     4 |     4 |     2 ||    10
       Potion            |     1 |       |       ||     1
Armor: Scale mail        |    96 |    58 |       ||   154
       Chain mail        |       |    52 |    47 ||    99
Dodge: Dodged            |   103 |    86 |    21 ||   210
Block: Buckler           |    41 |    70 |    43 ||   154
       Reflection        |       |     2 |       ||     2

Table legend: (Time is in decaauts)
 A = Elapsed time spent in this place.
 B = Non-inter-level travel time spent in this place.
 C = Inter-level travel time spent in this place.
 D = Time resting spent in this place.
 E = Time spent auto-exploring this place.
 F = Levels seen in this place.
 G = Mean time per level.
                   A        B        C        D        E       F      G
               +--------+--------+--------+--------+--------+-----+--------+
         Total |   5264 |   5194 |     70 |   1207 |   2994 |   5 | 1052.8 |
       Dungeon |   5264 |   5194 |     70 |   1207 |   2994 |   5 | 1052.8 |
               +--------+--------+--------+--------+--------+-----+--------+

Top non-repeatable levels by time:
     D:5: 1175 daAuts
     D:4: 1144 daAuts
     D:2: 1098 daAuts
     D:1: 954 daAuts
     D:3: 891 daAuts
